AoeStats
← azaelo14

Arena

504125076Analyzed
4v4 RM · 1mo ago on Sep 4, 2026· 74m 25s· 8 players
Game mode
Random Map
Map size
Large (8 player)
Population
200
Speed
Normal
Resources
Standard
Victory
Conquest
Starting age
Dark Age
Ending age
Imperial Age
RankedLock teamsTeams togetherTeam positionsShared explorationLock speedFull tech treeHidden civsTurbo modeCheats
Victory
Defeat
🇵🇪 Saracens · Peru
998
+15
🇵🇪 Spanish · Peru
997
+15
🇦🇷 Japanese · Argentina
972
+16
🇵🇪 Britons · Peru
965
+16
🇺🇸 Portuguese · United States
1018
-17
🇲🇽 Byzantines · Mexico
978
-16
🇩🇴 Persians · Dominican Republic
974
-16
🇺🇸 Japanese · United States
912
-13
Peacemaker2000
9:27 Loom
11:26 Feudal Age
12:47 Double-Bit Axe
12:45 Horse Collar
21:00 Castle Age
20:12 Fletching
21:18 Padded Archer Armor
21:19 Elite Skirmisher
23:03 Leather Archer Armor
25:32 Squires
25:43 Gold Mining
26:41 Wheelbarrow
26:35 Heavy Plow
32:50 Imperial Age
33:03 Hand Cart
32:15 Pikeman
34:58 Elite Samurai
37:51 Parthian Tactics
41:14 Ring Archer Armor
40:39 Bodkin Arrow
41:16 Arson
41:16 Gambesons
40:52 Man-at-Arms
48:12 Bracer
51:02 Scale Mail Armor
50:51 Halberdier
54:49 Heavy Cavalry Archer
60:03 Long Swordsman
62:08 Bow Saw
63:27 Ballistics
64:08 Chemistry
63:20 Two-Handed Swordsman
65:19 Champion
71:26 Chain Mail Armor
71:21 Forging
73:13 Plate Mail Armor
dajaegbu
4:44 Loom
12:22 Feudal Age
12:49 Double-Bit Axe
14:02 Wheelbarrow
13:12 Horse Collar
17:45 Castle Age
19:08 Bow Saw
23:58 Pikeman
26:22 Gambesons
30:15 Imperial Age
28:08 Scale Mail Armor
29:48 Forging
31:43 Elite Organ Gun
32:54 Hand Cart
34:41 Chain Mail Armor
35:02 Iron Casting
35:25 Conscription
38:40 Blast Furnace
38:10 Plate Mail Armor
38:10 Halberdier
46:40 Husbandry
46:52 Bloodlines
46:46 Cavalier
47:37 Scale Barding Armor
49:20 Chain Barding Armor
51:12 Caravan
52:53 Chemistry
59:35 Elite Skirmisher
60:21 Thumb Ring
60:45 Padded Archer Armor
64:27 Leather Archer Armor
64:54 Fletching
65:36 Ring Archer Armor
azaelo14
3:38 Loom
11:55 Feudal Age
13:40 Double-Bit Axe
17:53 Castle Age
16:51 Gold Mining
17:02 Stone Mining
23:49 Horse Collar
25:28 Forging
32:42 Imperial Age
30:37 Bow Saw
31:05 Gold Shaft Mining
31:24 Wheelbarrow
31:35 Gambesons
31:51 Squires
32:01 Scale Barding Armor
31:58 Scale Mail Armor
32:07 Pikeman
32:49 Husbandry
32:51 Arson
33:20 Heavy Plow
33:04 Heavy Camel Rider
35:44 Iron Casting
35:38 Halberdier
39:45 Chain Barding Armor
39:41 Chain Mail Armor
47:21 Plate Barding Armor
47:17 Plate Mail Armor
47:30 Conscription
60:27 Logistica
MAOC DSW
10:14 Feudal Age
11:04 Loom
16:05 Castle Age
15:22 Double-Bit Axe
15:24 Horse Collar
15:42 Stone Mining
21:25 Bow Saw
22:33 Wheelbarrow
23:05 Heavy Plow
24:23 Bloodlines
24:16 Husbandry
25:07 Forging
26:23 Hand Cart
26:54 Fletching
27:08 Padded Archer Armor
27:31 Scale Barding Armor
27:27 Bodkin Arrow
27:32 Padded Archer Armor
27:47 Crossbowman
28:32 Thumb Ring
29:42 Kamandaran
30:09 Ballistics
31:02 Caravan
31:32 Squires
31:25 Pikeman
32:45 Town Watch
34:00 Town Patrol
38:29 Leather Archer Armor
38:34 Chain Barding Armor
42:13 Stone Shaft Mining
41:31 Gold Mining
44:44 Imperial Age
44:34 Heavy Camel Rider
45:28 Halberdier
49:25 Conscription
50:53 Plate Barding Armor
50:53 Iron Casting
54:12 Elite War Elephant
69:44 Ring Archer Armor
69:14 Arson
69:35 Scale Mail Armor
STOOGES19697454
5:27 Loom
12:26 Feudal Age
12:52 Horse Collar
14:56 Double-Bit Axe
20:49 Castle Age
19:49 Gold Mining
23:15 Heavy Plow
23:27 Bow Saw
23:44 Stone Mining
24:31 Gold Shaft Mining
24:34 Wheelbarrow
24:34 Wheelbarrow
27:12 Pikeman
29:38 Hand Cart
30:41 Scale Mail Armor
31:24 Forging
32:00 Squires
33:33 Town Watch
36:19 Imperial Age
38:26 Chain Mail Armor
38:47 Iron Casting
37:35 Elite Samurai
38:59 Town Patrol
38:25 Capped Ram
40:54 Ballistics
41:34 Chemistry
41:36 Conscription
40:46 Elite Skirmisher
41:31 Thumb Ring
41:08 Halberdier
44:36 Fletching
45:46 Blast Furnace
44:48 Padded Archer Armor
53:37 Bodkin Arrow
53:57 Leather Archer Armor
54:13 Plate Mail Armor
54:53 Caravan
60:28 Bracer
Jota
0:27 Loom
11:28 Feudal Age
12:34 Horse Collar
20:15 Castle Age
18:21 Stone Mining
19:03 Double-Bit Axe
20:30 Gold Mining
21:47 Heavy Plow
22:01 Bow Saw
27:30 Light Cavalry
28:26 Bloodlines
33:13 Gold Shaft Mining
36:11 Imperial Age
33:29 Town Watch
34:20 Wheelbarrow
34:33 Forging
34:30 Scale Barding Armor
35:31 Bimaristan
36:10 Iron Casting
36:17 Elite Mameluke
37:24 Conscription
37:38 Chain Barding Armor
37:34 Hussar
40:15 Blast Furnace
45:40 Hand Cart
PiernasKortas
1:05 Loom
10:01 Feudal Age
10:44 Double-Bit Axe
10:43 Horse Collar
20:35 Castle Age
21:40 Fletching
21:51 Padded Archer Armor
21:13 Crossbowman
23:07 Heavy Plow
23:35 Bow Saw
26:19 Stone Mining
26:20 Gold Mining
27:09 Ballistics
28:39 Treadmill Crane
33:19 Gold Shaft Mining
33:02 Leather Archer Armor
32:44 Bodkin Arrow
33:18 Yeomen
38:46 Imperial Age
36:52 Wheelbarrow
39:11 Arbalester
40:29 Warwolf
40:49 Conscription
40:00 Sappers
41:04 Ring Archer Armor
40:35 Bracer
41:37 Chemistry
41:17 Pikeman
41:58 Squires
41:43 Arson
42:25 Scale Mail Armor
42:36 Forging
42:52 Halberdier
45:49 Chain Mail Armor
46:09 Iron Casting
48:58 Plate Mail Armor
49:29 Blast Furnace
49:09 Onager
70:01 Capped Ram
70:46 Caravan
71:17 Coinage
migueluptown
10:29 Feudal Age
11:01 Double-Bit Axe
10:59 Horse Collar
17:47 Castle Age
15:36 Man-at-Arms
20:22 Wheelbarrow
20:23 Husbandry
20:43 Scale Barding Armor
21:23 Scale Mail Armor
22:33 Loom
23:40 Bloodlines
27:02 Fletching
27:32 Chain Barding Armor
30:06 Forging
30:12 Chain Mail Armor
30:25 Bow Saw
30:09 Stone Mining
30:22 Long Swordsman
32:03 Gambesons
32:22 Bodkin Arrow
35:35 Imperial Age
33:47 Squires
33:33 Arson
33:59 Light Cavalry
35:18 Iron Casting
35:59 Two-Handed Swordsman
37:50 Fortified Wall
38:13 Cavalier
39:32 Plate Barding Armor
41:03 Blast Furnace
40:34 Plate Mail Armor
42:36 Hussar
44:42 Hand Cart
48:28 Pikeman
49:15 Halberdier
50:42 Conscription
50:08 Champion
50:55 Caravan
60:10 Gold Mining
60:56 Stone Shaft Mining
60:46 Padded Archer Armor
60:46 Bracer
63:10 Two-Man Saw
64:46 Paladin
70:57 Heavy Plow
71:40 Ballistics
72:21 Chemistry
Connection lost

Rejoining the realm…

Still unreachable

The connection could not be restored.

Session expired

The server has moved on; the page needs a fresh start.